 Dungeon Sprint DCSS version 0.19-a0-1051-gdb7e7f8 (webtiles) character file.

272 Musica the Arsonist (level 6, -12/32 HPs)
             Began as a Deep Elf Fire Elementalist on Aug 2, 2016.
             Was a Follower of Makhleb.
             Mangled by a merfolk
             ... wielding a +0 trident
              (25 damage)
             ... in the Dungeon (Sprint V: "Ziggurat Sprint").
             The game lasted 00:03:49 (100 turns).

Musica the Arsonist (Deep Elf Fire Elementalist)     Turns: 100, Time: 00:03:49

Health: -12/32     AC:  2    Str:  5    XL:     6   Next: 2%
Magic:  13/19      EV:  7    Int: 22    God:    Makhleb [*.....]
Gold:   0          SH:  0    Dex: 15    Spells: 1 memorised, 21 levels left

rFire  . . .     SeeInvis .     (no weapon)
rCold  . . .     Gourm    .     a - +0 robe
rNeg   . . .     Faith    .     (no shield)
rPois  .         Spirit   .     (no helmet)
rElec  .         Dismiss  .     (no cloak)
rCorr  .         Reflect  .     (no gloves)
SustAt .         Harm     .     (no boots)
MR     .....     NoTele   +     (no amulet)
Stlth  ++........               (no ring)
                                (no ring)

@: held, not resistant to hostile enchantments, unstealthy
A: no striking features
a: Renounce Religion


You were in the Dungeon.
You worshipped Makhleb.
Makhleb was aware of your devotion.
You were not hungry.

You visited 1 branch

Inventory:

Hand Weapons
 L - the +6 Majin-Bo {vamp, Archmagi MP+6 Int+6}
   (You found it in the Dungeon)

   It inflicts no extra harm, but heals its wielder somewhat when it strikes a
   living foe.
   It affects your intelligence (+6).
   It affects your magic capacity (+6).
 M - a +5 quick blade
Armour
 a - a +0 robe (worn)
Magical Staves
 J - an uncursed staff of energy
Jewellery
 z - a +6 ring of dexterity
 A - a +6 ring of dexterity
 B - a +6 ring of intelligence
 C - a +6 ring of intelligence
 D - a +6 ring of strength
 E - a +6 ring of strength
Wands
 F - a wand of disintegration (5/24)
 G - a wand of iceblast (0/15)
 H - a wand of lightning (5/15)
 I - a wand of acid (5/15)
Scrolls
 i - 4 scrolls of blinking
 p - 4 scrolls of amnesia
 q - 3 scrolls of recharging
 r - 7 scrolls of fog
 s - a scroll of holy word
 t - 5 scrolls of identify
 u - 5 scrolls of remove curse
 v - 2 scrolls of fear
Potions
 d - 10 potions of curing
 e - 10 potions of heal wounds
 f - 6 potions of haste
 g - 7 potions of magic
 h - 3 potions of berserk rage
 j - 2 potions of brilliance
 k - 2 potions of invisibility
 l - 4 potions of resistance
 n - 5 potions of agility
 o - 5 potions of might
Books
 b - a book of Flames

   Spells                             Type                      Level
   a - Flame Tongue                   Conjuration/Fire             1
   b - Throw Flame                    Conjuration/Fire             2
   c - Conjure Flame                  Conjuration/Fire             3
   d - Inner Flame                    Hexes/Fire                   3
   e - Sticky Flame                   Conjuration/Fire             4
   f - Fireball                       Conjuration/Fire             5
Miscellaneous
 y - a disc of storms
 K - a crystal ball of energy
Comestibles
 c - 5 bread rations
 m - 4 chunks of flesh
 w - 42 fruits
 x - 4 meat rations


   Skills:
 - Level 2.4 Dodging
 - Level 2.4 Stealth
 + Level 8.5 Spellcasting
 * Level 8.3 Conjurations
 + Level 10.3 Fire Magic


You had 21 spell levels left.
You knew the following spells:

 Your Spells              Type           Power        Failure   Level  Hunger
a - Flame Tongue          Conj/Fire      #####        1%          1    None


Dungeon Overview and Level Annotations

Branches:
Dungeon (1/1)

Altars:
Ashenzari
Cheibriados
Dithmenos
Elyvilon
Fedhas
Gozag
Hepliaklqana
Kikubaaqudgha
Makhleb
Nemelex Xobeh
Okawaru
Pakellas
Qazlal
Ru
Sif Muna
Trog
Uskayaw
Vehumet
Xom
Yredelemnul
Zin
The Shining One
Beogh
Jiyva
Lugonu


Message History

Your experience leads to an increase in your attributes!
Increase (S)trength, (I)ntelligence, or (D)exterity?
You feel clever.
The iceblast engulfs the merfolk.
The merfolk is severely wounded.
This wand has 1 charge left.
Evoke which item? (* to show all) (? for menu, Esc to quit)
Zapping:
G - a wand of iceblast (1/15)
Press: ? - help, Shift-Dir - straight line, f/p - merfolk
Aim: a merfolk, wielding a trident (severely wounded)
The mass of ice explodes!
The iceblast engulfs the merfolk.
The merfolk is severely wounded.
The iceblast engulfs the merfolk.
The merfolk is severely wounded.
This wand has 0 charges left.
The merfolk hits you from afar with a trident!!
Ouch! That really hurt!
The merfolk hits you from afar with a trident!!
Ouch! That really hurt!
You die...

▓▓▓▓▓▓▓▓▓▓▓▓▓
▓.8©8.▓.8©8.▓
▓.}::.▓.....▓
▓.....▓...}.▓
▓.....▓..)..▓
▓..mm.▓...%.▓
▓.....▓.....▓
▓..@..▓▓▓▓▓▓▓
▓▓▓▓▓▓▓


You could see 2 merfolk.

Vanquished Creatures
  A merfolk (D)
  2 orc priests (D)
3 creatures vanquished.

Notes
Turn   | Place    | Note
-------+----------+-------------------------------------------
     0 | D        | Musica the Deep Elf Fire Elementalist began the quest for the Orb.
     0 | D        | Reached XP level 1. HP: 10/10 MP: 6/6
     0 | D        | Found a blossoming altar of Fedhas.
     0 | D        | Found a snail-covered altar of Cheibriados.
     0 | D        | Found a viscous altar of Jiyva.
     0 | D        | Found a roughly hewn altar of Beogh.
     0 | D        | Found a corrupted altar of Lugonu.
     1 | D        | Found a white marble altar of Elyvilon.
     1 | D        | Found a shimmering altar of Xom.
     3 | D        | Found a deep blue altar of Sif Muna.
     3 | D        | Found a burning altar of Makhleb.
     3 | D        | Found a bloodstained altar of Trog.
     3 | D        | Found an iron altar of Okawaru.
     3 | D        | Found a sparkling altar of Nemelex Xobeh.
     3 | D        | Found a radiant altar of Vehumet.
    52 | D        | Reached skill level 5 in Spellcasting
    52 | D        | Reached skill level 5 in Conjurations
    52 | D        | Reached skill level 5 in Fire Magic
    52 | D        | Reached XP level 2. HP: 15/15 MP: 7/10
    60 | D        | Became a worshipper of Makhleb the Destroyer
    77 | D        | Entered arena 1.
    78 | D        | Reached skill level 6 in Fire Magic
    78 | D        | Reached XP level 3. HP: 19/19 MP: 10/12
    79 | D        | Reached * piety under Makhleb
    79 | D        | Reached skill level 7 in Fire Magic
    95 | D        | Entered arena 2.
    95 | D        | Noticed a merfolk
    95 | D        | Noticed a merfolk
    95 | D        | Noticed a merfolk
    99 | D        | Killed a merfolk
    99 | D        | Reached skill level 10 in Fire Magic
    99 | D        | Reached XP level 4. HP: 24/24 MP: 12/16
    99 | D        | Reached XP level 5. HP: 28/28 MP: 13/18
    99 | D        | Reached XP level 6. HP: 32/32 MP: 13/19
   100 | D        | Mangled by a merfolk

Vault maps used:
D:        sprint_v

Skill      XL: |  1  2  3 |
---------------+----------+-----
Spellcasting   | 5 6 8 |  8.5
Conjurations   | 5 6 8 |  8.3
Fire Magic     | 5 6 10 | 10.3
Dodging        | |  2.4
Stealth        | |  2.4

Action                   |  1- 3 |  4- 6 || total
-------------------------+-------+-------++-------
Evoke: Wand              |     5 |     2 ||     7
  Use: Potion            |     1 |       ||     1
